 Dungeon Crawl Stone Soup version 0.15.2 (webtiles) character file.

322 bullock the Ruinous (level 6, -5/36 HPs)
             Began as an Octopode Wizard on Dec 11, 2014.
             Slain by Crazy Yiuf
             ... wielding a +3 quarterstaff of chaos
              (9 damage)
             ... on Level 3 of the Dungeon.
             The game lasted 00:08:48 (2964 turns).

bullock the Ruinous (Octopode Wizard)               Turns: 2964, Time: 00:08:48

HP  -5/36        AC  1     Str  6      XL: 6   Next: 47%
MP  12/15        EV 12     Int 22      God:
Gold 159         SH  0     Dex 11      Spells:  4 memorised,  5 levels left

rFire  . . .     SeeInvis .     f - +0 dagger
rCold  . . .     Clarity  .     (no shield)
rNeg   . . .     rCorr    .     b - +0 hat
rPois  .         rRot     .     (no amulet)
rElec  .         Spirit   .     (no ring)
SustAb .         Warding  .     (no ring)
rMut   .         Stasis   .     (no ring)
Gourm  .                        (no ring)
MR     .....                    (no ring)
                                (no ring)
                                (no ring)
                                (no ring)

@: lethally poisoned, repel missiles, not resistant to hostile enchantments,
fairly stealthy
A: almost no armour, amphibious, 8 rings, constrict 8, camouflage 1, gelatinous
body 1
a: no special abilities


You were on level 3 of the Dungeon.
You were near starving.

You visited 1 branch of the dungeon, and saw 4 of its levels.

You collected 159 gold pieces.

Inventory:

Hand weapons
 f - a +0 dagger (weapon)
Missiles
 g - a throwing net (quivered)
Armour
 b - a +0 hat (worn)
Magical devices
 o - a wand of frost (18) {unknown}
Comestibles
 a - 4 slices of pizza
 d - 4 bread rations
 k - 14 fruits
Scrolls
 e - a scroll of remove curse {unknown}
 i - 5 scrolls of identify {unknown}
Potions
 h - a potion of poison {unknown}
 j - a potion of mutation {unknown}
 l - a potion of flight {unknown}
 m - a potion of restore abilities {unknown}
 n - a potion of agility {unknown}
Books
 c - a book of Minor Magic

   Spells                             Type                      Level
   *Magic Dart                        Conjuration                  1
   *Blink                             Translocation                2
   Call Imp                           Summoning                    2
   *Repel Missiles                    Charms/Air                   2
   Slow                               Hexes                        2
   Conjure Flame                      Conjuration/Fire             3
   *Mephitic Cloud                    Conjuration/Poison/Air       3


   Skills:
 - Level 2.0 Dodging
 - Level 3.0 Stealth
 + Level 4.2 Spellcasting
 * Level 5.3 Conjurations
   Level 1.0 Summonings
 - Level 1.0 Translocations


You had 5 spell levels left.
You knew the following spells:

 Your Spells              Type           Power        Failure   Level  Hunger
a - Magic Dart            Conj           ####         1%          1    None
q - Blink                 Tloc           N/A          12%         2    #......
r - Mephitic Cloud        Conj/Pois/Air  ##......     17%         3    ###....
v - Repel Missiles        Chrm/Air       #.....       17%         2    #......


Dungeon Overview and Level Annotations

Branches:
Dungeon (4/15)
 Temple: D:4-7

Altars:
Kikubaaqudgha

Annotations:
D:3 Crazy Yiuf


Innate Abilities, Weirdness & Mutations

You cannot wear most types of armour.
You are amphibious.
You can wear up to eight rings at the same time.
You can use your tentacles to constrict many enemies at once.
Your skin changes colour to match your surroundings (Stealth).
Your rubbery body absorbs attacks (AC +1).


Message History

You constrict Crazy Yiuf.
Crazy Yiuf hits you with a quarterstaff of chaos!
* * * LOW HITPOINT WARNING * * *
You are lethally poisoned!
You hit Crazy Yiuf.
Crazy Yiuf is heavily wounded.
You constrict Crazy Yiuf, but do no damage.
* * * LOW HITPOINT WARNING * * *
You feel sick.
Crazy Yiuf hits you with a quarterstaff of chaos.
* * * LOW HITPOINT WARNING * * *
Crazy Yiuf burns you.
* * * LOW HITPOINT WARNING * * *
You hit Crazy Yiuf.
Crazy Yiuf is heavily wounded.
You constrict Crazy Yiuf.
* * * LOW HITPOINT WARNING * * *
You feel sick.
Crazy Yiuf hits you with a quarterstaff of chaos!
You die...

####..#...# #.
##$.# ##.# ##.##
#...> ### #..###.
#### ###.# #.# #.
#..§##.)#..§§...#
#.
#..g@.####.P....
## #)§.### #P#..#
#### ## ##


You could see Crazy Yiuf.

Vanquished Creatures
  Sigmund (D:4)
  A giant frog (D:3)
  An orc wizard (D:3)
  Jessica (D:3)
  6 adders
  3 gnolls (D:2)
  2 worms (D:2)
  2 giant geckos (D:2)
  An ooze (D:2)
  2 orcs (D:3)
  6 bats
  10 goblins
  11 hobgoblins
  A ball python (D:3)
  A giant newt (D:1)
  3 kobolds
  5 rats
57 creatures vanquished.

Notes
Turn   | Place    | Note
--------------------------------------------------------------
     0 | D:1      | bullock, the Octopode Wizard, began the quest for the Orb.
     0 | D:1      | Reached XP level 1. HP: 11/11 MP: 4/4
   217 | D:1      | Reached XP level 2. HP: 10/17 MP: 1/6
   269 | D:1      | Learned a level 2 spell: Blink
   272 | D:1      | Learned a level 2 spell: Repel Missiles
   501 | D:1      | Reached XP level 3. HP: 21/21 MP: 1/8
  1180 | D:2      | Learned a level 3 spell: Mephitic Cloud
  1188 | D:2      | Reached XP level 4. HP: 27/27 MP: 5/9
  1286 | D:2      | Found an ancient bone altar of Kikubaaqudgha.
  1557 | D:2      | Reached XP level 5. HP: 27/31 MP: 7/11
  1602 | D:2      | Reached skill level 4 in Conjurations
  2623 | D:4      | Noticed Sigmund
  2647 | D:4      | Killed Sigmund
  2647 | D:4      | Reached skill level 5 in Conjurations
  2647 | D:4      | Reached XP level 6. HP: 36/36 MP: 1/15
  2691 | D:3      | Noticed Jessica
  2692 | D:3      | Killed Jessica
  2720 | D:3      | Noticed Crazy Yiuf
  2964 | D:3      | Slain by Crazy Yiuf

Action                   |  1- 3 |  4- 6 || total
-------------------------+-------+-------++-------
Melee: Unarmed           |     9 |       ||     9
       Dagger            |     7 |    47 ||    54
 Cast: Magic Dart        |    61 |    70 ||   131
       Repel Missiles    |     1 |       ||     1
       Mephitic Cloud    |     1 |     5 ||     6
       Blink             |       |     5 ||     5
 Stab: Sleeping          |       |     2 ||     2
  Eat: Chunk             |       |     5 ||     5
